[Event "Titled Tuesday Blitz August 09 Early 2022"]
[White "Atakhan, Abtin"]
[Black "Shohat, Yotam"]
[WhiteFideId "22502203"]
[BlackFideId "2813955"]
[WhiteElo "2087"]
[BlackElo "2119"]
[Result "1-0"]
[Round "11"]
[TimeControl "180+1"]
[Date "2022.08.09"]
[WhiteClock "0:00:24"]
[BlackClock "0:00:01"]

1. d4 Nf6 2. c4 g6 3. Nc3 Bg7 4. e4 O-O 5. Be2 d6 6. Nf3 Na6 7. O-O e5 8. Be3 Qe8 9. Re1 Ng4 10. Bg5 h6 11. Bh4 exd4 12. Nd5 g5 13. Bg3 c6 14. Bxd6 cxd5 15. exd5 Bd7 16. c5 Qc8 17. Rc1 Re8 18. h3 Nf6 19. c6 bxc6 20. dxc6 Bf5 21. Nxd4 Bg6 22. c7 Ne4 23. Bb5 Nxd6 24. Bxe8 Nxe8 25. Nb5 Naxc7 26. Rxe8+ Qxe8 27. Nxc7 Qc8 28. Nxa8 Qxa8 29. Qd7 Kh7 30. b3 Qe4 31. Qxa7 Bd4 32. Qc7 Qe2 33. Qg3 Be5 34. Qe3 Qb2 35. Rd1 Bf4 36. Qa7 Qc2 37. Re1 Qd2 38. Rf1 Qe2 39. g3 Be5 40. Qe7 Qf3 41. Re1 Be4 42. Rxe4 Qxe4 43. Qxf7+ Bg7 44. Qc4 Qe1+ 45. Kg2 Qa1 46. Qc2+ Kh8 47. a4 Qe5 48. Qc4 Qd6 49. Qc8+ Kh7 50. Qb7 Qe5 51. b4 Qb2 52. Qe4+ Kh8 53. a5 Bd4 54. Qe8+ Kg7 55. Qe7+ Kh8 56. Qf8+ Kh7 57. a6 Qc2 58. Qf7+ Kh8 59. Qe8+ Kh7 60. Qd7+ Bg7 61. Qb7 Qa2 62. a7 1-0


[Site "https://www.chess.com"]

[Event "Titled Tuesday Blitz August 09 Early 2022"]
[White "Avinash, Ramesh"]
[Black "Bortnyk, Olexandr"]
[WhiteFideId "45018340"]
[BlackFideId "14120828"]
[WhiteElo "1901"]
[BlackElo "2723"]
[Result "0-1"]
[Round "11"]
[TimeControl "180+1"]
[Date "2022.08.09"]
[WhiteClock "0:00:07"]
[BlackClock "0:00:08"]

1. e4 Nf6 2. e5 Nd5 3. c4 Nb6 4. a4 a5 5. Ra3 d6 6. exd6 cxd6 7. d4 Nc6 8. Rg3 e5 9. Nf3 Bf5 10. Nc3 Nb4 11. Be2 h5 12. h4 f6 13. O-O g6 14. c5 Nd7 15. Bb5 e4 16. Nd2 d5 17. Qb3 Kf7 18. Nxd5 Be6 19. Bc4 Nxc5 20. dxc5 Bxd5 21. Bxd5+ Qxd5 22. Nxe4 Qxb3 23. Rxb3 Rc8 24. Be3 Be7 25. Bd4 Rhd8 26. Bc3 Rd3 27. Re1 f5 28. Nd6+ Bxd6 29. cxd6 Re8 30. Rxe8 Kxe8 31. Ra3 Rd1+ 32. Kh2 Rxd6 33. Bxb4 axb4 34. Rb3 Rd4 35. g3 Kd7 36. Kg2 Kc6 37. Re3 Kc5 38. Re7 Kc4 39. Rxb7 Kb3 40. a5 Rd6 41. Rb6 Rd5 42. a6 Ra5 43. Kf3 Ra4 44. Kf4 Kxb2 45. a7 b3+ 46. Kg5 Rxa7 47. Kxg6 Kc3 48. Kxh5 Ra4 49. Rxb3+ Kxb3 50. Kg5 Kc4 51. Kxf5 Kd5 52. f4 Kd6 53. g4 Ke7 54. h5 Kf7 55. g5 Ra5+ 56. Kg4 Ra4 57. Kf5 Rb4 58. Ke5 Rb5+ 59. Ke4 Ke6 60. h6 Rb4+ 61. Kf3 Kf5 62. h7 Rb8 63. Kg3 Rh8 64. Kf3 Rxh7 65. Kg3 Ra7 66. Kh4 Ra4 67. Kh5 Rxf4 68. g6 Rg4 69. Kh6 Rxg6+ 70. Kh7 Kf6 71. Kh8 Kf7 72. Kh7 Rf6 0-1


[Site "https://www.chess.com"]

[Event "Titled Tuesday Blitz August 09 Early 2022"]
[White "Chernomordik, Pavel"]
[Black "Averjanov, Alexey"]
[WhiteFideId "2804530"]
[BlackFideId "14109867"]
[WhiteElo "2217"]
[BlackElo "2626"]
[Result "1-0"]
[Round "11"]
[TimeControl "180+1"]
[Date "2022.08.09"]
[WhiteClock "0:01:32"]
[BlackClock "0:02:23"]

1. e4 c6 2. Nc3 d5 3. Nf3 Bg4 4. h3 Bxf3 5. Qxf3 e6 6. Qg3 Nf6 7. e5 Nfd7 8. f4 c5 9. h4 Nc6 10. Be2 Nd4 11. Bd1 g6 12. h5 Be7 13. Qf2 Qc7 14. a4 O-O-O 15. Nb5 Nxb5 16. axb5 Kb8 17. Be2 f6 18. d4 cxd4 19. Qxd4 Bc5 20. Qa4 fxe5 21. fxe5 Qxe5 22. Bf4 Bf2+ 23. Kxf2 Rhf8 24. Kg3 Rxf4 25. Qxf4 1-0


[Site "https://www.chess.com"]

[Event "Titled Tuesday Blitz August 09 Early 2022"]
[White "Chigaev, Maksim"]
[Black "Aradhya, Garg"]
[WhiteFideId "4108116"]
[BlackFideId "25006746"]
[WhiteElo "2487"]
[BlackElo "2203"]
[Result "1-0"]
[Round "11"]
[TimeControl "180+1"]
[Date "2022.08.09"]
[WhiteClock "0:00:50"]
[BlackClock "0:00:02"]

1. e4 e5 2. Nf3 Nc6 3. Nc3 Nf6 4. Bb5 Bb4 5. O-O O-O 6. Bxc6 dxc6 7. d3 Qe7 8. Ne2 Bd6 9. Ng3 h6 10. Kh1 a5 11. a4 b6 12. b3 c5 13. Nh4 g6 14. Nf3 Kg7 15. Bd2 Ng8 16. Bc3 f6 17. Nd2 Qe6 18. Nc4 Ne7 19. Qd2 g5 20. f3 Kg6 21. Ne3 Qf7 22. Qe2 Be6 23. Nef5 Rad8 24. f4 exf4 25. Qh5+ Kh7 26. Qxh6+ Kg8 27. Nh5 Be5 28. Bxe5 Bxf5 29. Nxf6+ Qxf6 30. Bxf6 Kf7 31. Qg7+ Ke6 32. Qxe7# 1-0


[Site "https://www.chess.com"]

[Event "Titled Tuesday Blitz August 09 Early 2022"]
[White "Chyzy, Jakub"]
[Black "Terrieux, Kevin"]
[WhiteFideId "21806209"]
[BlackFideId "622591"]
[WhiteElo "2023"]
[BlackElo "2461"]
[Result "1-0"]
[Round "11"]
[TimeControl "180+1"]
[Date "2022.08.09"]
[WhiteClock "0:00:07"]
[BlackClock "0:00:07"]

1. b3 d5 2. Bb2 Bg4 3. h3 Bh5 4. g4 Bg6 5. Bg2 c6 6. f4 e6 7. Nf3 h5 8. e3 h4 9. d3 Nd7 10. O-O Ngf6 11. Qe1 Ng8 12. Kh1 f6 13. e4 Bf7 14. f5 e5 15. g5 Ne7 16. g6 Bg8 17. Nxh4 dxe4 18. dxe4 Qc7 19. Nd2 c5 20. Rd1 Nc6 21. Nhf3 Nd4 22. c3 Nxf3 23. Rxf3 O-O-O 24. Rd3 Be7 25. c4 Nb8 26. Rxd8+ Bxd8 27. Nb1 Nc6 28. Nc3 a6 29. Nd5 Bxd5 30. exd5 Nd4 31. Bxd4 exd4 32. Qe6+ Kb8 33. d6 Qb6 34. Re1 Qa5 35. Re2 Qb6 36. Qd5 Ka7 37. d7 Qc7 38. Re8 Rxh3+ 39. Bxh3 Qg3 40. Bg2 Qh4+ 41. Kg1 Qe1+ 42. Kh2 Qh4+ 43. Kg1 Qe1+ 44. Bf1 Qg3+ 45. Qg2 Qc7 46. Rxd8 Qxd8 47. Qd5 Qc7 48. d8=Q Qg3+ 49. Qg2 Qe3+ 50. Qf2 Qg5+ 51. Bg2 Qc1+ 52. Kh2 Qh6+ 53. Bh3 1-0


[Site "https://www.chess.com"]

[Event "Titled Tuesday Blitz August 09 Early 2022"]
[White "Clawitter, Craig"]
[Black "Barbashin, Igor"]
[WhiteFideId "2023105"]
[BlackFideId "4155718"]
[WhiteElo "2187"]
[BlackElo "2138"]
[Result "0-1"]
[Round "11"]
[TimeControl "180+1"]
[Date "2022.08.09"]
[WhiteClock "0:00:01"]
[BlackClock "0:00:37"]

1. e4 d5 2. exd5 Nf6 3. Bb5+ Nbd7 4. Be2 Nxd5 5. d4 g6 6. c4 N5f6 7. Nc3 Bg7 8. b3 c5 9. dxc5 Ne4 10. Nxe4 Bxa1 11. Bh6 Be5 12. Nf3 Qa5+ 13. Bd2 Qc7 14. Nxe5 Nxe5 15. O-O O-O 16. Bh6 Rd8 17. Qa1 Bf5 18. Ng3 f6 19. Nxf5 gxf5 20. Be3 Ng4 21. Bxg4 fxg4 22. f3 gxf3 23. Rxf3 Qd7 24. Rg3+ Kf7 25. Qb2 Qd1+ 26. Kf2 Rg8 27. Qa3 Rxg3 28. hxg3 Qc2+ 29. Kf3 a6 30. c6 Qd1+ 31. Kf2 bxc6 32. Qc5 Qd6 33. Qh5+ Kg8 34. Bh6 Qd3 0-1


[Site "https://www.chess.com"]

[Event "Titled Tuesday Blitz August 09 Early 2022"]
[White "Csonka, Balazs"]
[Black "Piesik, Piotr"]
[WhiteFideId "742910"]
[BlackFideId "1136194"]
[WhiteElo "2404"]
[BlackElo "2221"]
[Result "1-0"]
[Round "11"]
[TimeControl "180+1"]
[Date "2022.08.09"]
[WhiteClock "0:00:24"]
[BlackClock "0:01:28"]

1. Nf3 g6 2. d4 Bg7 3. c4 d6 4. Nc3 Nc6 5. d5 Ne5 6. Nxe5 Bxe5 7. e4 Bg7 8. Be2 Nf6 9. O-O O-O 10. Be3 c6 11. Qd2 cxd5 12. exd5 Nd7 13. Rae1 a5 14. Bd4 Bxd4 15. Qxd4 Nc5 16. b3 Bd7 17. Bf3 Re8 18. h4 Qb6 19. h5 Na4 20. Qd2 Nxc3 21. Qxc3 Qb4 22. Qd4 Qc5 23. Qh4 e5 24. Qf6 Bf5 25. Be4 Bg4 26. h6 Kf8 27. Bxg6 1-0


[Site "https://www.chess.com"]

[Event "Titled Tuesday Blitz August 09 Early 2022"]
[White "Demchenko, Anton"]
[Black "Korchmar, Vasiliy"]
[WhiteFideId "4160258"]
[BlackFideId "24131750"]
[WhiteElo "2539"]
[BlackElo "2370"]
[Result "0-1"]
[Round "11"]
[TimeControl "180+1"]
[Date "2022.08.09"]
[WhiteClock "0:00:04"]
[BlackClock "0:00:16"]

1. e4 c5 2. Nc3 d6 3. f4 Nc6 4. Bb5 Bd7 5. Nf3 e6 6. d3 Nf6 7. O-O Be7 8. Bxc6 Bxc6 9. Qe1 O-O 10. b3 d5 11. e5 Nd7 12. Kh1 b5 13. Qg3 b4 14. Nd1 f6 15. Qh3 f5 16. Ne3 a5 17. a4 bxa3 18. Bxa3 a4 19. bxa4 Rxa4 20. Qg3 Qb6 21. Rab1 Qa7 22. Bb2 Rb8 23. Ng5 Nf8 24. Nxe6 Nxe6 25. Nxf5 Rab4 26. Ra1 Qd7 27. Bc3 R4b7 28. Nh6+ Kh8 29. Nf7+ Kg8 30. f5 Nd4 31. Nh6+ Kh8 32. f6 gxh6 33. fxe7 Qxe7 34. e6 Rg8 35. Qe5+ Qg7 36. Bxd4 cxd4 37. Qe2 Re7 38. Rf2 Bd7 39. Qf3 Bxe6 40. Rg1 Rf7 41. Qe2 Rxf2 42. Qxf2 Rf8 43. Qh4 Qf6 44. Qg3 Qf4 45. Qxf4 Rxf4 46. Re1 Kg7 47. Kg1 Kf7 48. Ra1 Kg7 49. Ra7+ Rf7 50. Ra6 Kf6 51. Ra4 Ke5 52. Ra2 h5 53. h4 Rf4 54. g3 Rf7 55. Kg2 Rc7 56. Rb2 Rc3 57. Kf3 Bg4+ 58. Kf2 Rc7 59. Ra2 Rf7+ 60. Kg2 Rf3 61. Ra7 Re3 62. Re7+ Kd6 63. Rxh7 Re2+ 64. Kf1 Rxc2 65. Rh8 Rd2 66. Rd8+ Kc5 67. Rc8+ Bxc8 0-1


[Site "https://www.chess.com"]

[Event "Titled Tuesday Blitz August 09 Early 2022"]
[White "Dev, Shah"]
[Black "Parpiev, Isaak"]
[WhiteFideId "35019058"]
[BlackFideId "34281576"]
[WhiteElo "2048"]
[BlackElo "2049"]
[Result "1/2-1/2"]
[Round "11"]
[TimeControl "180+1"]
[Date "2022.08.09"]
[WhiteClock "0:00:08"]
[BlackClock "0:00:02"]

1. Nf3 Nf6 2. g3 g6 3. d4 Bg7 4. c4 O-O 5. Nc3 d6 6. Bg2 Nc6 7. O-O a6 8. Bf4 Nd7 9. Rc1 h6 10. d5 Nce5 11. Nxe5 Nxe5 12. b3 c5 13. dxc6 Nxc6 14. Nd5 g5 15. Be3 Be6 16. Bb6 Qd7 17. Nc7 Rac8 18. Nxe6 Qxe6 19. Bd5 Qd7 20. Qd3 Nb4 21. Qd2 Nxd5 22. cxd5 Rxc1 23. Rxc1 Rc8 24. e4 Bf6 25. Kg2 Kg7 26. Bd4 Rxc1 27. Bxf6+ exf6 28. Qxc1 Qb5 29. Qd2 Qc5 30. Qd3 Qc1 31. a4 Qb2 32. Qc4 Qd2 33. b4 Qb2 34. b5 a5 35. h4 Qb4 36. Qc2 Qd4 37. hxg5 hxg5 38. f3 b6 39. Qc6 g4 40. Qc2 gxf3+ 41. Kxf3 Qc5 42. Qd3 Qb4 43. Qc2 Qd4 44. Kf4 Qe5+ 45. Kf3 f5 46. exf5 Qxd5+ 47. Qe4 Qb3+ 48. Kf4 Qc3 49. g4 Qd2+ 50. Qe3 Qxe3+ 51. Kxe3 Kh6 52. Kf4 f6 53. Ke4 Kg5 54. Kd5 Kxg4 55. Ke6 Kg5 56. Kxd6 Kxf5 57. Kc6 Ke4 58. Kxb6 f5 59. Kxa5 f4 60. b6 f3 61. b7 f2 62. b8=Q f1=Q 63. Qb4+ Ke3 64. Qb3+ Kd4 65. Qb4+ Ke3 66. Qb5 Qe1+ 67. Kb6 Qh4 68. a5 Qd8+ 69. Ka6 Qa8+ 70. Kb6 Qd8+ 71. Kc6 Qe8+ 72. Kc5 Qe6 73. a6 Qe5+ 74. Kc6 Qe8+ 75. Kb6 Qd8+ 76. Ka7 Kf3 77. Qb7+ Ke2 78. Qb5+ Ke1 79. Kb7 Qe7+ 80. Kb6 Qd8+ 81. Kc6 Qe8+ 82. Kb6 Qd8+ 83. Ka7 Qc7+ 84. Qb7 Qc5+ 85. Kb8 Qf8+ 86. Qc8 Qb4+ 87. Ka8 Qe4+ 88. Qb7 Qe8+ 89. Qb8 Qe4+ 90. Ka7 Qe3+ 91. Kb7 Qe4+ 92. Kc7 Qe5+ 93. Kc8 Qe8+ 94. Kb7 Qe4+ 95. Kb6 Qe3+ 96. Ka5 Qa3+ 97. Kb6 Qe3+ 98. Kc6 Qe4+ 99. Kc5 Qe3+ 100. Kc6 Qe4+ 101. Kd7 Qf5+ 102. Kd8 Qf8+ 103. Kc7 Qf4+ 104. Kb7 Qe4+ 1/2-1/2


[Site "https://www.chess.com"]

[Event "Titled Tuesday Blitz August 09 Early 2022"]
[White "Donchenko, Alexander"]
[Black "Salem, A.R. Saleh"]
[WhiteFideId "24603295"]
[BlackFideId "9301348"]
[WhiteElo "2572"]
[BlackElo "2674"]
[Result "0-1"]
[Round "11"]
[TimeControl "180+1"]
[Date "2022.08.09"]
[WhiteClock "0:01:29"]
[BlackClock "0:00:51"]

1. Nf3 d5 2. g3 c5 3. Bg2 Nf6 4. O-O e6 5. b3 Be7 6. Bb2 O-O 7. e3 b5 8. c4 bxc4 9. bxc4 Nc6 10. cxd5 exd5 11. Nc3 Rb8 12. Rb1 Bf5 13. d3 c4 14. Ne1 Qa5 15. e4 Bg4 16. Qc1 d4 17. Nd5 c3 18. Ba1 Nxd5 19. exd5 Nb4 20. Qf4 Be2 21. a3 Nxd5 22. Qxb8 Rxb8 23. Rxb8+ Bf8 24. Nc2 Bxf1 25. Kxf1 Nb6 26. Nxd4 Qxa3 27. Bxc3 Qxc3 28. Nc6 Qxd3+ 29. Kg1 g6 30. Nxa7 Nc4 31. Bf1 Qd1 32. Kg2 Nd2 33. Bb5 Qf3+ 34. Kg1 Ne4 0-1


[Site "https://www.chess.com"]

[Event "Titled Tuesday Blitz August 09 Early 2022"]
[White "Dubov, Daniil"]
[Black "Drygalov, Sergey"]
[WhiteFideId "24126055"]
[BlackFideId "24171743"]
[WhiteElo "2791"]
[BlackElo "2523"]
[Result "1-0"]
[Round "11"]
[TimeControl "180+1"]
[Date "2022.08.09"]
[WhiteClock "0:00:05"]
[BlackClock "0:00:04"]

1. e4 c5 2. Nf3 d6 3. d4 cxd4 4. Nxd4 Nf6 5. Bb5+ Nbd7 6. O-O a6 7. Ba4 e6 8. Re1 Be7 9. c4 O-O 10. Nc3 Qc7 11. Bb3 b6 12. Bg5 Bb7 13. Rc1 Rac8 14. Bc2 Qb8 15. Qe2 Rfe8 16. Bb1 Bd8 17. Bh4 Ne5 18. b3 Ng6 19. Bg3 Bc7 20. h3 Qa7 21. Rcd1 Qb8 22. Qd2 Rcd8 23. Bc2 Nh5 24. Bh2 Nf6 25. Re2 Rc8 26. a3 b5 27. cxb5 d5 28. Bxc7 Qxc7 29. Na4 dxe4 30. b6 Qe5 31. b4 Nf4 32. Re3 N4d5 33. Ree1 Qb8 34. Rc1 Rcd8 35. Red1 h6 36. Qe1 Nf4 37. Nc5 e3 38. fxe3 Nxg2 39. Qf2 Bd5 40. e4 Nf4 41. Qe3 e5 42. Nf5 Be6 43. b7 Bxf5 44. exf5 e4 45. Rxd8 Rxd8 46. Bxe4 Re8 47. Qf3 Nxe4 48. Nxe4 Qxb7 49. Nf6+ gxf6 50. Qxb7 Ne2+ 51. Kf2 Nxc1 52. Qxa6 Rd8 53. Qxf6 Nd3+ 54. Kg1 Rd5 55. Qe7 Ne5 56. Qe8+ Kg7 57. Qe7 Nf3+ 58. Kf2 Nd4 59. f6+ Kg6 60. Qe4+ Rf5+ 61. Ke3 Ne6 62. Qa8 Kxf6 63. a4 Re5+ 64. Kd2 Ng5 65. a5 Ne4+ 66. Kc2 Ng5 67. a6 Nxh3 68. Qf3+ 1-0


[Site "https://www.chess.com"]

[Event "Titled Tuesday Blitz August 09 Early 2022"]
[White "Dushyant Sharma"]
[Black "Yurovskykh, Oleksandr"]
[WhiteFideId "25065130"]
[BlackFideId "14134020"]
[WhiteElo "2133"]
[BlackElo "2292"]
[Result "0-1"]
[Round "11"]
[TimeControl "180+1"]
[Date "2022.08.09"]
[WhiteClock "0:01:17"]
[BlackClock "0:01:48"]

1. e4 d5 2. exd5 Qxd5 3. Nc3 Qd8 4. Bc4 c5 5. Nf3 Nc6 6. d3 Nf6 7. Be3 Nd4 8. Nb5 Bg4 9. Nbxd4 cxd4 10. Ne5 Qa5+ 11. c3 Bxd1 12. Bxf7+ Kd8 13. Bxd4 Bh5 14. Bxh5 Nxh5 15. Nf7+ Kd7 16. Nxh8 Qd5 17. O-O Nf4 18. f3 Ne2+ 19. Kh1 Nxd4 20. cxd4 Qg8 21. Rac1 Rc8 22. Rc5 Rxc5 23. dxc5 Qxh8 24. d4 Qg8 25. d5 Qxd5 26. Rd1 Qxd1# 0-1


[Site "https://www.chess.com"]

[Event "Titled Tuesday Blitz August 09 Early 2022"]
[White "Ekdyshman, Mikhail"]
[Black "Shuvalova, Polina"]
[WhiteFideId "4149416"]
[BlackFideId "24171760"]
[WhiteElo "2146"]
[BlackElo "2330"]
[Result "0-1"]
[Round "11"]
[TimeControl "180+1"]
[Date "2022.08.09"]
[WhiteClock "0:00:02"]
[BlackClock "0:00:57"]

1. e4 c6 2. d4 d5 3. exd5 cxd5 4. c4 Nf6 5. Nc3 e6 6. Nf3 Bb4 7. Bd3 dxc4 8. Bxc4 O-O 9. O-O b6 10. Re1 Bb7 11. a3 Bxc3 12. bxc3 Nbd7 13. Bg5 Qc7 14. Qd3 Rac8 15. Nd2 h6 16. Be3 Nd5 17. Rac1 N7f6 18. h3 Rfd8 19. Bxd5 Nxd5 20. c4 Nf4 21. Bxf4 Qxf4 22. Nb3 Qg5 23. Qg3 Qxg3 24. fxg3 Bc6 25. d5 exd5 26. Nd4 dxc4 27. Rxc4 Bd7 28. Rxc8 Rxc8 29. Re7 Rd8 30. Nf3 Kf8 31. Re3 Be6 32. g4 Rd5 33. Rc3 Ra5 34. Kf2 Ke7 35. Ke3 Kd6 36. Nd4 Bd7 37. Rd3 Ke7 38. Rc3 g6 39. Ke4 Kd6 40. Rd3 Re5+ 41. Kf3 Rd5 42. Ke3 a6 43. Rb3 b5 44. Nf3 Bc6 45. Rb2 f5 46. gxf5 Rxf5 47. Rc2 Bxf3 48. gxf3 Rh5 49. Rg2 g5 50. Rg3 Rh4 0-1


[Site "https://www.chess.com"]

[Event "Titled Tuesday Blitz August 09 Early 2022"]
[White "Estrada Nieto, Julian"]
[Black "Kiseljova, Marya"]
[WhiteFideId "5101018"]
[BlackFideId "4155009"]
[WhiteElo "2252"]
[BlackElo "1697"]
[Result "1-0"]
[Round "11"]
[TimeControl "180+1"]
[Date "2022.08.09"]
[WhiteClock "0:01:14"]
[BlackClock "0:00:01"]

1. e4 c5 2. Nf3 Nc6 3. Bb5 g6 4. Bxc6 dxc6 5. d3 Bg7 6. h3 e5 7. Nc3 Qc7 8. Be3 b6 9. Qd2 h6 10. a4 a5 11. O-O Nf6 12. Nh2 Nh5 13. Ne2 g5 14. Ng3 Nf4 15. Nf5 Bxf5 16. exf5 O-O-O 17. g3 Nxh3+ 18. Kg2 g4 19. Nxg4 Ng5 20. f6 Bf8 21. Bxg5 hxg5 22. Qxg5 Re8 23. Qf5+ Kb7 24. Rae1 Bd6 25. Rh1 Rhg8 26. Rh7 Rg6 27. Nh6 Rf8 28. Qxg6 fxg6 29. Rxc7+ Kxc7 30. f7 Kd7 31. Kf3 Ke7 32. Kg4 Kf6 33. f4 exf4 34. gxf4 Kg7 35. Re6 Kxh6 36. Rxd6 Rxf7 37. Rxc6 Rb7 38. f5 Kh7 39. fxg6+ Kg7 40. Kf5 b5 41. axb5 Rxb5 42. b3 c4+ 43. Ke4 cxb3 44. cxb3 Rxb3 45. Ra6 Rb4+ 46. d4 Ra4 47. Ke5 Ra1 48. Kf5 a4 49. Ra7+ Kg8 50. Kf6 Rf1+ 51. Ke6 Rg1 52. Rxa4 Rxg6+ 53. Kf5 Rg1 54. Ra7 Kf8 55. d5 Ke8 56. Ke5 Rh1 57. Kd6 Rh6+ 58. Kc5 Rh5 59. Kc6 Rh1 60. Ra8+ Ke7 61. d6+ Ke6 62. Re8+ Kf7 63. d7 Rc1+ 64. Kb5 1-0


[Site "https://www.chess.com"]

[Event "Titled Tuesday Blitz August 09 Early 2022"]
[White "Eynullayev, Atilla"]
[Black "Ramirez Vido, Robert Yorisan"]
[WhiteFideId "13413570"]
[BlackFideId "3513823"]
[WhiteElo "1936"]
[BlackElo "2434"]
[Result "1-0"]
[Round "11"]
[TimeControl "180+1"]
[Date "2022.08.09"]
[WhiteClock "0:02:25"]
[BlackClock "0:00:14"]

1. d4 g6 2. c4 Nf6 3. Nc3 Bg7 4. e4 d6 5. Be2 O-O 6. Be3 Na6 7. Nf3 e5 8. O-O Ng4 9. Bg5 Qe8 10. Re1 exd4 11. Nxd4 Qe5 12. Nf3 Qc5 13. Rf1 h6 14. Bd2 Ne5 15. b3 Bg4 16. Be3 Qa5 17. Nd5 Bxf3 18. Bxf3 Nxf3+ 19. Qxf3 c6 20. Nf6+ Kh8 21. Bd4 Nc5 22. Rad1 Ne6 23. Bc3 Qxa2 24. Nd7 Rfe8 25. Rxd6 Kg8 26. Nf6+ Kh8 27. Nxe8 Rxe8 28. Qxf7 1-0


[Site "https://www.chess.com"]

[Event "Titled Tuesday Blitz August 09 Early 2022"]
[White "Ezov"]
[Black "Vifleemskaia, Svetlana"]
[BlackFideId "4129490"]
[WhiteElo "2273"]
[BlackElo "1929"]
[Result "1/2-1/2"]
[Round "11"]
[TimeControl "180+1"]
[Date "2022.08.09"]
[WhiteClock "0:02:20"]
[BlackClock "0:02:42"]

1. d4 Nf6 2. c4 e6 3. Nc3 Bb4 4. Nf3 O-O 5. e3 b6 6. Be2 Bb7 7. O-O Bxc3 8. bxc3 Ne4 9. Qc2 d6 10. Nd2 Nxd2 11. Bxd2 f5 12. f3 Nd7 13. e4 Qf6 14. Rae1 f4 15. Bd3 e5 16. Qb2 1/2-1/2


[Site "https://www.chess.com"]

[Event "Titled Tuesday Blitz August 09 Early 2022"]
[White "Fajdetic, Hrvoje"]
[Black "Bolourchifard, Farzad"]
[WhiteFideId "14501945"]
[BlackFideId "12510084"]
[WhiteElo "2172"]
[BlackElo "2317"]
[Result "0-1"]
[Round "11"]
[TimeControl "180+1"]
[Date "2022.08.09"]
[WhiteClock "0:00:08"]
[BlackClock "0:00:15"]

1. b3 e5 2. Bb2 Nc6 3. e3 d5 4. Ne2 Bd6 5. d4 Nf6 6. c4 dxc4 7. bxc4 Bb4+ 8. Bc3 Bxc3+ 9. Nbxc3 exd4 10. exd4 O-O 11. d5 Ne5 12. Qd4 Re8 13. h3 Bf5 14. O-O-O Qd6 15. Nb5 Qb4 16. Qc3 Qxc4 17. Qxc4 Nxc4 18. Ng3 Nxd5 19. Bxc4 Nb6 20. Nxf5 Re5 21. Nxc7 Rc8 22. Bxf7+ Kf8 23. Bb3 Rxc7+ 24. Kb2 Rxf5 25. f3 Re5 26. Rhe1 Rxe1 27. Rxe1 g6 28. Re5 Nc8 29. h4 Ne7 30. h5 Kg7 31. hxg6 hxg6 32. g4 Kf6 33. Rb5 b6 34. a4 Nc6 35. g5+ Ke7 36. f4 Rd7 37. f5 Nd4 38. Re5+ Kf8 39. fxg6 Kg7 40. Rd5 Rxd5 41. Bxd5 Kxg6 42. Kc3 Nf5 43. Be4 Kxg5 44. Bxf5 Kxf5 45. Kb4 a6 46. Kc4 Ke4 47. a5 b5+ 48. Kc5 Ke5 49. Kb6 Kd6 50. Kxa6 Kc6 51. Ka7 b4 52. a6 b3 53. Ka8 b2 54. a7 Kd7 55. Kb8 b1=Q+ 56. Ka8 Qa2 57. Kb8 Qb3+ 58. Ka8 Qa4 59. Kb8 Qb5+ 60. Ka8 Qa6 61. Kb8 Qb6+ 62. Ka8 Qc6+ 63. Kb8 Qc8# 0-1


[Site "https://www.chess.com"]

[Event "Titled Tuesday Blitz August 09 Early 2022"]
[White "Fernandez Hernandez, Gerardo"]
[Black "White, John S."]
[WhiteFideId "2207400"]
[BlackFideId "2502348"]
[WhiteElo "2175"]
[BlackElo "1924"]
[Result "1-0"]
[Round "11"]
[TimeControl "180+1"]
[Date "2022.08.09"]
[WhiteClock "0:00:13"]
[BlackClock "0:00:04"]

1. e4 c5 2. d3 Nc6 3. g3 g6 4. Bg2 Bg7 5. f4 e6 6. Nf3 Nge7 7. O-O O-O 8. c3 d5 9. Be3 d4 10. Bf2 Qb6 11. Qe2 Bd7 12. cxd4 cxd4 13. Na3 Rac8 14. Nc4 Qc7 15. e5 b5 16. Nd6 Rb8 17. Nxd4 Nxd4 18. Bxd4 Nc6 19. Bf2 Qa5 20. Rac1 Ne7 21. a3 Nf5 22. Nxf5 gxf5 23. Bc5 Rfc8 24. d4 Bc6 25. Bxc6 Rxc6 26. Rc2 Rbc8 27. Rfc1 Qc7 28. Qxb5 a6 29. Qe2 Bf8 30. b4 a5 31. b5 Bxc5 32. bxc6 Bxd4+ 33. Kg2 Qb6 34. h3 Rc7 35. g4 fxg4 36. Qxg4+ Kh8 37. Kh2 Qb3 38. Rg2 f5 39. Qg8# 1-0


[Site "https://www.chess.com"]

[Event "Titled Tuesday Blitz August 09 Early 2022"]
[White "Ferreira, Vitor Hugo Vieira"]
[Black "Rose, Felix"]
[WhiteFideId "2119765"]
[BlackFideId "5105722"]
[WhiteElo "2168"]
[BlackElo "2039"]
[Result "1-0"]
[Round "11"]
[TimeControl "180+1"]
[Date "2022.08.09"]
[WhiteClock "0:01:27"]
[BlackClock "0:00:17"]

1. e4 e5 2. Nf3 Nc6 3. Bb5 a6 4. Ba4 Nf6 5. O-O Be7 6. d3 b5 7. Bb3 d6 8. c3 Na5 9. Bc2 c5 10. Nbd2 Nc6 11. Re1 h6 12. a3 a5 13. h3 Be6 14. Nf1 b4 15. axb4 axb4 16. Rb1 O-O 17. d4 Ba2 18. Ra1 b3 19. Bd3 cxd4 20. cxd4 Nxd4 21. Nxd4 exd4 22. Ng3 Re8 23. Nf5 Bf8 24. Nxd4 Qb6 25. Be3 Qb7 26. Qf3 Nxe4 27. Bxh6 gxh6 28. Rxe4 Qd7 29. Rg4+ Bg7 30. Nf5 Qxf5 31. Qxf5 1-0


[Site "https://www.chess.com"]

[Event "Titled Tuesday Blitz August 09 Early 2022"]
[White "Ferriz Barrios, Andres"]
[Black "Broca Jimenez, Fernando"]
[WhiteFideId "5104467"]
[BlackFideId "5104742"]
[WhiteElo "2568"]
[BlackElo "2062"]
[Result "0-1"]
[Round "11"]
[TimeControl "180+1"]
[Date "2022.08.09"]
[WhiteClock "0:00:13"]
[BlackClock "0:00:06"]

1. d4 Nf6 2. Nf3 g6 3. Nc3 Bg7 4. Bf4 O-O 5. e4 d6 6. Qd2 Nc6 7. O-O-O Nd7 8. h4 e5 9. dxe5 Ndxe5 10. h5 Bg4 11. hxg6 Nxf3 12. gxh7+ Kh8 13. gxf3 Bxf3 14. Be2 Bxh1 15. Rxh1 Qf6 16. Kb1 Rae8 17. f3 d5 18. Bg5 Qd4 19. Qc1 dxe4 20. fxe4 Nb4 21. a3 Nd5 22. exd5 a6 23. Bd3 b5 24. Rh4 Qf2 25. Nd1 Qg1 26. Be3 Qg3 27. Bf2 Qf3 28. Ka2 Qxd5+ 29. b3 f5 30. Rh5 Qf3 31. Rh4 Qd5 32. Ne3 Qe5 33. Nd1 c5 34. c3 b4 35. axb4 cxb4 36. Bd4 Qe7 37. Bxg7+ Qxg7 38. Qc2 bxc3 39. Qxc3 f4 40. Qxg7+ Kxg7 41. Rg4+ Kh8 42. Kb2 f3 43. Nf2 Re3 44. Kc2 Rd8 45. Ne4 Rexd3 46. Nf6 Rd2+ 47. Kc3 R2d3+ 48. Kc4 R3d4+ 49. Rxd4 Rxd4+ 50. Kxd4 f2 51. Kc5 f1=Q 52. Kb6 Qxf6+ 53. Ka5 Qc3+ 54. Kxa6 Qxb3 0-1


[Site "https://www.chess.com"]

[Event "Titled Tuesday Blitz August 09 Early 2022"]
[White "Fiorito, Joaquin"]
[Black "Shpanko, Nadiia"]
[WhiteFideId "180173"]
[BlackFideId "14132400"]
[WhiteElo "1758"]
[BlackElo "2139"]
[Result "1-0"]
[Round "11"]
[TimeControl "180+1"]
[Date "2022.08.09"]
[WhiteClock "0:01:23"]
[BlackClock "0:00:13"]

1. e4 g6 2. d4 Nf6 3. e5 Nh5 4. Nc3 d6 5. Qe2 Nc6 6. Nf3 Bg4 7. Be3 dxe5 8. dxe5 Bg7 9. Rd1 Qc8 10. Qb5 O-O 11. Be2 a6 12. Qb3 Bxe5 13. h3 Bxf3 14. Bxf3 Ng7 15. O-O Nf5 16. Bc5 Bd6 17. Be3 Nxe3 18. fxe3 Rb8 19. Nd5 Ne5 20. Kh1 Qe6 21. Qc3 Rfc8 22. Nf4 Qf6 23. Nd5 Qg7 24. Be2 b5 25. e4 c6 26. Nf4 b4 27. Qb3 a5 28. Nd3 Nxd3 29. Qxd3 Qe5 30. g3 Qxg3 31. Qxg3 Bxg3 32. Bc4 e6 33. Rd7 Rc7 34. Rfxf7 Rbb7 35. Bxe6 Bd6 36. Rd8+ 1-0


[Site "https://www.chess.com"]

[Event "Titled Tuesday Blitz August 09 Early 2022"]
[White "Gatterer, Florian"]
[Black "Filippova, Margarita"]
[WhiteFideId "811688"]
[BlackFideId "34199680"]
[WhiteElo "2218"]
[BlackElo "1734"]
[Result "1/2-1/2"]
[Round "11"]
[TimeControl "180+1"]
[Date "2022.08.09"]
[WhiteClock "0:01:22"]
[BlackClock "0:01:14"]

1. c4 Nf6 2. Nf3 e6 3. Nc3 d5 4. e3 c6 5. b3 Nbd7 6. Bb2 Bd6 7. d4 O-O 8. Qc2 Qe7 9. Be2 e5 10. cxd5 cxd5 11. dxe5 Nxe5 12. Nxe5 Bxe5 13. O-O Be6 14. Rac1 Rac8 15. Qb1 Qd7 16. Rfd1 Qe7 17. Nb5 Bxb2 18. Qxb2 a6 19. Nd4 Ne4 20. Bd3 Qf6 21. Bxe4 dxe4 22. Rxc8 Rxc8 23. Rc1 h5 24. Rxc8+ Bxc8 25. Qc2 Bf5 26. Qc5 Bg6 27. h3 1/2-1/2


[Site "https://www.chess.com"]